 Dungeon Crawl Stone Soup version 0.29.1-15-g9cfb28693d (webtiles) character file.

Game seed: 15469828762509788311

1934 Arctor the Insei (level 8, -5/67 HPs)
             Began as a Purple Draconian Transmuter on Feb 22, 2023.
             Was an Initiate of Makhleb.
             Slain by an orc warrior
             ... wielding a +0 flail
              (13 damage)
             ... on level 7 of the Dungeon.
             The game lasted 00:13:59 (8363 turns).

Arctor the Insei (Purple Draconian Transmuter)      Turns: 8363, Time: 00:14:02

Health: -5/67      AC:  2    Str: 17    XL:     8   Next: 97%
Magic:  12/15      EV: 21    Int: 13    God:    Makhleb [......]
Gold:   224        SH:  0    Dex: 17    Spells: 6/17 levels left

rFire   . . .      SeeInvis .     - Unarmed
rCold   . . .      Faith    .   (shield currently unavailable)
rNeg    . . .      Spirit   .   (body armour unavailable)
rPois   x          Reflect  .   (helmet currently unavailable)
rElec   .          Harm     .   (cloak currently unavailable)
rCorr   .          Rampage  .   (gloves currently unavailable)
Will    +....                   (boots currently unavailable)
Stlth   ++........              (no amulet)
HPRegen 0.21/turn               (no ring)
MPRegen 0.14/turn               (no ring)

@: short of breath, spider-form
A: venomous fangs, (breathe power), AC +6, tiny, unfitting armour,
(cold-blooded), strong 1
a: End Transformation, Renounce Religion


You were on level 7 of the Dungeon.
You worshipped Makhleb.
Makhleb was noncommittal.
You were a venomous arachnid creature.
You visited 2 branches of the dungeon, and saw 9 of its levels.

You collected 380 gold pieces.
You spent 156 gold pieces at shops.

Inventory:

Hand Weapons
 F - the +3 quarterstaff of the Pyrrhic Victory {vorpal, rN+ Str+2}
   (You found it on level 6 of the Dungeon)

   It inflicts extra damage upon your enemies.
   Str:       It affects your strength (+2).
   rN:        It protects you from negative energy.
Missiles
 m - 2 boomerangs of dispersal
 q - a throwing net
 t - 3 poisoned darts
 v - 4 silver boomerangs
 D - 6 boomerangs
Armour
 e - a +0 buckler (melded)
 G - a +1 pair of gloves (melded)
Jewellery
 s - an amulet of magic regeneration
Wands
 h - a wand of flame (36)
 C - a wand of mindburst (19)
Scrolls
 b - 2 scrolls of enchant armour
 k - a scroll of amnesia
 l - 3 scrolls of teleportation
 o - 2 scrolls of immolation
 x - 2 scrolls of magic mapping
 y - 2 scrolls of identify
 z - a scroll of enchant weapon
 A - a scroll of butterflies
 B - 2 scrolls of poison
Potions
 a - a potion of lignification
 c - a potion of degeneration
 d - a potion of resistance
 f - 2 potions of invisibility
 i - a potion of flight
 j - a potion of mutation
 n - a potion of haste
 r - a potion of cancellation


   Skills:
 - Level 4.3 Fighting
 - Level 4.0 Dodging
 + Level 2.8 Shields
 + Level 6.3 Unarmed Combat
 - Level 5.0 Spellcasting
 + Level 5.8 Transmutations
 + Level 3.5 Air Magic


You had 6 spell levels left.
You knew the following spells:

 Your Spells              Type           Power      Damage    Failure   Level
a - Beastly Appendage     Tmut           36%        N/A       7%          1
b - Spider Form           Tmut/Pois      10%        N/A       36%         3
c - Storm Form            Tmut/Air       7%         N/A       100%        7

Your spell library contained the following spells:

 Spells                   Type           Power      Damage    Failure   Level
 Wereblood                Tmut           18%        N/A       10%         2
 Sting                    Tmut/Pois      40%        1d5       16%         1
 Poisonous Vapours        Pois/Air       14%        N/A       32%         2
 Blink                    Tloc           6%         N/A       50%         2
 Sublimation of Blood     Necr           3%         N/A       50%         2
 Call Canine Familiar     Summ           3%         N/A       71%         3
 Portal Projectile        Hex/Tloc       6%         N/A       71%         3
 Ice Form                 Ice/Tmut       10%        N/A       71%         4
 Leda's Liquefaction      Hex/Erth       1%         N/A       96%         4
 Olgreb's Toxic Radiance  Pois           3%         N/A       96%         4
 Manifold Assault         Tloc           3%         N/A       100%        5
 Summon Hydra             Summ           1%         N/A       100%        7


Dungeon Overview and Level Annotations

Branches:
Dungeon (8/15)             Temple (1/1) D:4
   Lair: D:8-11

Altars:
Cheibriados
Dithmenos
Elyvilon
Fedhas
Hepliaklqana
Kikubaaqudgha
Makhleb
Nemelex Xobeh
Qazlal
Ru
Trog
Uskayaw
Vehumet
Wu Jian
Xom
Zin
The Shining One

Shops:
D:7 *?[*

Annotations:
D:4 Menkaure
D:8 Erica


Innate Abilities, Weirdness & Mutations

You are a venomous arachnid creature.
You have poisonous fangs.
You are tiny and dextrous.
Your spellcasting is less reliable in this form.
Your armour is entirely melded.
You are incapable of wielding weapons or throwing items.
((You can breathe bolts of dispelling energy.))
((Your rich purple scales are hard. (AC +6)))
You cannot fit into any form of body armour.
((You are cold-blooded and may be slowed by cold attacks.))
Your muscles are strong. (Str +4, Int/Dex -1)


Message History

An orc wizard is nearby!
An orc wizard is nearby!
Okay, then.
The orc wizard shouts!
The orc wizard mumbles some strange words.
The orc wizard flickers and vanishes!
Deactivating autopickup; reactivate with Ctrl-A.
Things that are here:
a +0 club; a +0 scale mail
Aiming: Breathe Dispelling Energy (4% risk of failure)
Press: ? - help, Shift-Dir - straight line, f - orc warrior
Aim: an orc warrior, wielding a +0 flail and wearing a +0 plate armour (wandering, hasn't noticed you, 53% to hit)
You breathe a bolt of dispelling energy.
The bolt of dispelling energy hits the orc warrior but does no damage.
The orc warrior shouts!
Casting: Beastly Appendage (safe; 2% risk of failure)
Confirm with . or Enter, or press ? or * to list all spells.
Okay, then.
Okay, then.
You start removing your amulet.
You continue taking off your amulet of magic regeneration. x4
The orc warrior hits you with a +0 flail!
* * * LOW HITPOINT WARNING * * *
You finish taking off your amulet of magic regeneration.
Unknown command.
Something hits you but does no damage.
The orc warrior attacks as you move away!
The orc warrior hits you with a +0 flail!
* * * LOW HITPOINT WARNING * * *
Casting: Beastly Appendage (safe; 2% risk of failure)
Confirm with . or Enter, or press ? or * to list all spells.
It is impossible to cast this spell (100% risk of failure)!
Unknown command.
Casting: Storm Form (astonishingly dangerous; 100% risk of failure)
Confirm with . or Enter, or press ? or * to list all spells.
You turn into a venomous arachnid creature.
Your +1 pair of gloves melds into your body.
Your +0 buckler melds into your body.
The orc warrior hits you with a +0 flail!
You die...

#...>....+ ....
####.##### ... #.# ##
### ##'### #.. #.)..#
#####.. #..).# #......
#.)..# ##......
########.#######.......
#.....so...#...........
#.######.....≈≈≈≈≈≈≈...
#.....####.#...........
#####.# #.#.≈.≈≈≈.≈...
#.# #.#.≈.....≈.## #.#
#.#.≈.._..≈.# #†#
#.#.≈.....≈.## #.#
#.#.≈.≈≈≈.≈..# #.#
#.#..........#


You could see an orc warrior.

Vanquished Creatures
  Sigmund (D:2)
  A wyvern (D:6)
  A steam dragon (D:7)
  An orc warrior (D:5)
  A sky beast (D:7)
  A centaur (D:7)
  A phantom (D:6)
  A bullfrog (D:7)
  A necrophage (D:7)
  2 scorpions
  7 wights
  A killer bee (D:8)
  A hound (D:6)
  An orc priest (D:7)
  Terence (D:2)
  2 iguanas (D:6)
  7 orc wizards
  5 adders
  A worm (D:4)
  2 dart slugs (D:1)
  9 orcs
  7 endoplasms
  4 giant cockroaches
  7 hobgoblins
  7 jackals
  7 quokkas
  8 ball pythons
  9 bats
  3 frilled lizards
  3 goblins (D:2)
  7 kobolds
  7 rats
117 creatures vanquished.

Vanquished Creatures (collateral kills)
  2 killer bees (D:8)
2 creatures vanquished.

Grand Total: 119 creatures vanquished

Notes
Turn   | Place    | Note
-------+----------+-------------------------------------------
     0 | D:1      | Arctor the Draconian Transmuter began the quest for the
                  | Orb.
     0 | D:1      | Reached XP level 1. HP: 16/16 MP: 3/3
   368 | D:1      | Reached XP level 2. HP: 20/23 MP: 3/5
   785 | D:1      | Found a faded altar of an unknown god.
  1189 | D:1      | Reached XP level 3. HP: 25/29 MP: 4/6
  1463 | D:2      | Learned a level 3 spell: Spider Form
  1651 | D:2      | Noticed Sigmund
  1664 | D:2      | Killed Sigmund
  1665 | D:2      | Reached XP level 4. HP: 20/37 MP: 0/8
  1665 | D:2      | Reached XP level 5. HP: 23/42 MP: 0/9
  2256 | D:2      | Noticed Terence
  2267 | D:2      | Killed Terence
  2268 | D:2      | Reached skill level 4 in Unarmed Combat
  2605 | D:3      | Reached XP level 6. HP: 34/51 MP: 10/10
  3313 | D:4      | Found a shimmering altar of Xom.
  3349 | D:4      | Noticed Menkaure
  3880 | D:4      | Found a staircase to the Ecumenical Temple.
  4017 | Temple   | Entered the Ecumenical Temple
  4526 | D:5      | Entered Level 5 of the Dungeon
  4528 | D:5      | Noticed an orc warrior
  4582 | D:5      | Found an ornate altar of the Wu Jian Council.
  4606 | D:5      | Your scales start taking on a rich purple colour.
  4606 | D:5      | Reached XP level 7. HP: 43/57 MP: 11/13
  4824 | D:5      | Found a radiant altar of Vehumet.
  4990 | D:5      | Found a burning altar of Makhleb.
  4990 | D:5      | Found a faded altar of an unknown god.
  4997 | D:5      | Found a faded altar of an unknown god.
  4999 | D:5      | Found a sacrificial altar of Ru.
  5003 | D:5      | Became a worshipper of Makhleb the Destroyer
  5008 | D:5      | Found a snail-covered altar of Cheibriados.
  5026 | D:5      | Found a stormy altar of Qazlal.
  5931 | D:6      | Noticed a +0 dagger
  5931 | D:6      | Noticed a +0 dagger
  5932 | D:6      | Found a hide-covered altar of Uskayaw.
  5967 | D:6      | Reached skill level 5 in Unarmed Combat
  6183 | D:6      | Reached skill level 5 in Spellcasting
  6191 | D:6      | Learned a level 7 spell: Storm Form
  6301 | D:6      | Noticed a wyvern
  6311 | D:6      | Killed a wyvern
  6312 | D:6      | Reached skill level 1 in Air Magic
  6312 | D:6      | Reached XP level 8. HP: 31/67 MP: 12/15
  6604 | D:6      | Identified the +3 quarterstaff of the Pyrrhic Victory
                  | {vorpal, rN+ Str+2}
  6793 | D:7      | Found Zaliloyn's Antique Armour Emporium.
  6793 | D:7      | Found Wezuad's Assorted Antiques.
  6812 | D:7      | Bought a buckler for 117 gold pieces
  6844 | D:7      | Reached skill level 5 in Transmutations
  6951 | D:7      | Found Hueneaf's Magic Scroll Shop.
  6976 | D:7      | Found Orphukh's General Store.
  6989 | D:7      | Reached skill level 1 in Shields
  7406 | D:7      | Reached skill level 6 in Unarmed Combat
  7550 | D:7      | Found a glowing golden altar of the Shining One.
  7627 | D:7      | Bought 6 boomerangs for 39 gold pieces
  8267 | D:8      | Noticed Erica
  8270 | D:8      | Gained mutation: Your muscles are strong. (Str +4, Int/Dex
                  | -1) [potion of mutation]
  8363 | D:7      | Slain by an orc warrior

Illustrated notes

Levels and vault maps discovered:
D:1:      psy_arrival_conway, layout_basic,
          dreamdust_ecumenical_altar_hidden_monk_grotto
D:2:      layout_loops_corners, uniq_terence, uniq_sigmund
D:3:      layout_rooms, minmay_distorted
D:4:      minmay_inner_zag, layout_basic, mainiacjoe_overflow_boulevard,
          minmay_temple_entry_mini_moons, minmay_misc_feat_more_columns,
          uniq_menkaure
D:5:      layout_gridville, mainiacjoe_overflow_surrounded_room,
          nicolae_vehumet_altar_sigil, lemuel_crystal_altar,
          chequers_temple_overflow_minitemple
D:6:      layout_rooms, dancing_weapons_uskayaw
D:7:      layout_basic, kennysheep_little_box,
          mainiacjoe_overflow_cross_hatched, serial_shops, nicolae_diamond_shop,
          shop_fountains, nicolae_shop_waterfront, nicolae_shop_trees,
          nicolae_shop_behind_doors
D:8:      layout_basic, marbit_many_paths, nicolae_gozag_zags_fifth_avenue,
          serial_shops, nicolae_lakefront_shop, uniq_erica
Temple:   nicolae_temple_bog_church

Skill      XL: |  1  2  3  4  5  6  7  8 |
---------------+-------------------------+-----
Dodging        | 2 3 4 |  4.0
Fighting       | 2 3 4 |  4.3
Transmutations | 3 4 5 |  5.8
Spellcasting   | 3 4 5 |  5.0
Unarmed Combat | 4 5 6 |  6.3
Air Magic      | 1 3 |  3.5
Shields        | 2 |  2.8

Action                   |  1- 3 |  4- 6 |  7- 9 || total
-------------------------+-------+-------+-------++-------
Melee: Unarmed           |    86 |   172 |   148 ||   406
       Kick              |    14 |    28 |    22 ||    64
       Headbutt          |    12 |    25 |    12 ||    49
       Tailslap          |     8 |    14 |     9 ||    31
       Punch             |       |     4 |     2 ||     6
Throw: Boomerang         |       |       |     1 ||     1
 Cast: Beastly Appendage |    25 |    33 |    13 ||    71
       Spider Form       |     1 |     2 |    12 ||    15
 Abil: Breathe Dispellin |       |       |     5 ||     5
Evoke: Wand              |       |       |     5 ||     5
  Use: Scroll            |       |    11 |     8 ||    19
       Potion            |       |     3 |     8 ||    11
 Stab: Sleeping          |     1 |       |     1 ||     2
Armor: Skin              |    33 |    69 |    33 ||   135
Dodge: Dodged            |    48 |   102 |   100 ||   250
Block: Buckler           |       |       |     8 ||     8
